cohdb
Replays
Latest Replays
All Replays
Popular Replays
Top Player Replays
Match Explorer
How It Works
Community
CoH3 Stats
Reddit
Sign in to upload your games and track your stats! →
Sign in with Steam
Match 41374913
Unlisted
Match 41374913
Overview
Messages
Build Orders
End
Scout Squad
Scout Squad
Selects Airborne Battlegroup
Selects Pathfinders
Construct Weapon Support Center
Construct Weapon Support Center
M1919 Machine Gun Team
M1919 Machine Gun Team
Construct Medical Station
Mechanized Support Center
Selects Paratrooper Squad Paradrop
Bazooka Squad
Paratrooper Squad Paradrop
Selects Anti-tank Gun Team Paradrop
Anti-tank Gun Team Paradrop
Construct Tank Depot
Selects Recon Loiter
M4A1 Sherman Medium Tank
Engineer Squad
Selects Supply Drop
CAuMOH
eliass0101
カルト_くん
hooveric
0
0
Comments
sign in to comment!
No comments posted yet!